 Dungeon Crawl Stone Soup version 0.29.1-12-g30fa7ad0bf (webtiles) character file.

Game seed: 10448113892542922943

22 Gabide the Trooper (level 2, 0/24 HPs)
             Began as a Mummy Berserker on Dec 25, 2022.
             Was a Follower of Trog.
             Slain by a scorpion (7 damage)
             ... on level 2 of the Dungeon.
             The game lasted 00:02:08 (1025 turns).

Gabide the Trooper (Mummy Berserker)                Turns: 1025, Time: 00:02:08

Health: 0/24       AC:  5    Str: 20    XL:     2   Next: 68%
Magic:  2/2        EV: 11    Int:  6    God:    Trog [*.....]
Gold:   20         SH:  0    Dex: 11    Spells: 1/1 levels left

rFire   x . .      SeeInvis .     - Unarmed
rCold   + . .      Faith    .   (no shield)
rNeg    + + +      Spirit   .   f - +0 leather armour
rPois   ∞          Reflect  .   (no helmet)
rElec   .          Harm     .   h - +0 cloak
rCorr   .          Rampage  .   e - +0 pair of gloves
Will    .....                   (no boots)
Stlth   +.........              g - amulet of the acrobat
HPRegen 0.08/turn               (no ring)
MPRegen 0.08/turn               (no ring)

@: no status effects
A: cold resistance 1, negative energy resistance 3, torment resistance 2, heat
vulnerability 1, no potions
a: Renounce Religion


You were on level 2 of the Dungeon.
You worshipped Trog.
Trog was aware of your devotion.
You visited 1 branch of the dungeon, and saw 2 of its levels.

You collected 20 gold pieces.

Inventory:

Missiles
 a - 2 poisoned darts (quivered)
Armour
 e - a +0 pair of gloves (worn)
 f - a +0 leather armour (worn)
 h - a +0 cloak (worn)
 k - a +0 ring mail
Jewellery
 g - an amulet of the acrobat (around neck)
Scrolls
 b - a scroll of teleportation {unknown}
 c - 2 scrolls of identify {unknown}
 d - 2 scrolls of magic mapping {unknown}
 i - a scroll of brand weapon {unknown}
 j - a scroll of amnesia {unknown}


   Skills:
 + Level 3.2 Fighting
 - Level 1.5 Armour
 + Level 1.9 Dodging
 * Level 2.9 Unarmed Combat


You had one spell level left.
You didn't know any spells.
Your spell library was empty.

Dungeon Overview and Level Annotations

Branches:
Dungeon (2/15)

Altars:


Innate Abilities, Weirdness & Mutations

You are immune to poison.
Your flesh is cold resistant. (rC+)
You are immune to negative energy. (rN+++)
You are immune to unholy pain and torment.
You are vulnerable to heat. (rF-)
You do not drink.


Message History

Nothing quivered!
Nothing quivered!
You hit the scorpion but do no damage.
The scorpion is moderately wounded.
The scorpion closely misses you.
You hit the scorpion but do no damage.
The scorpion is moderately wounded.
The scorpion stings you but does no damage.
The scorpion stings you.
You hit the scorpion but do no damage.
The scorpion is moderately wounded.
The scorpion looks more healthy.
The scorpion stings you.
You hit the scorpion.
The scorpion is heavily wounded.
The scorpion stings you.
You barely miss the scorpion. Your punch misses the scorpion.
The scorpion is heavily wounded.
The scorpion stings you.
You hit the scorpion.
The scorpion is severely wounded.
The scorpion stings you.
You barely miss the scorpion.
The scorpion is severely wounded.
The scorpion barely misses you.
You hit the scorpion.
The scorpion is severely wounded.
The scorpion barely misses you.
You hit the scorpion but do no damage.
The scorpion is severely wounded.
The scorpion stings you but does no damage.
You hit the scorpion.
The scorpion is severely wounded.
The scorpion barely misses you. The scorpion stings you.
* * * LOW HITPOINT WARNING * * *
The scorpion attacks as you move away!
The scorpion stings you but does no damage.
You see here 2 poisoned darts.
a - 2 poisoned darts The scorpion stings you!
You die...

#.#####
.......####
.........#
#.#.......#
##.#....##.#
..<.(......#
#..........#
#.....(.s..#
#.##...@##.# #.
#. #...?...#
#..##.##....####
##..........[#
......!<...###
######.###.# #.
#.# #. #.# #.
..#


You could see a scorpion.

Vanquished Creatures
  A ball python (D:1)
  2 bats (D:1)
  4 endoplasms (D:1)
  3 hobgoblins (D:1)
  2 frilled lizards (D:1)
  6 kobolds (D:1)
  A rat (D:1)
19 creatures vanquished.

Notes
Turn   | Place    | Note
-------+----------+-------------------------------------------
     0 | D:1      | Gabide the Mummy Berserker began the quest for the Orb.
     0 | D:1      | Reached XP level 1. HP: 18/18 MP: 1/1
   185 | D:1      | Reached XP level 2. HP: 18/24 MP: 2/2
  1003 | D:2      | Noticed a scorpion
  1025 | D:2      | Slain by a scorpion

Illustrated notes

Levels and vault maps discovered:
D:1:      lemuel_arrival_rhombus, layout_basic
D:2:      layout_loops_ring, nicolae_ecumenical_lake_church

Action                   || total
-------------------------++-------
Melee: Unarmed           ||    51
Throw: Dart              ||    18
 Stab: Sleeping          ||     1
Armor: Animal skin       ||     4
       Leather armour    ||     5
Dodge: Dodged            ||    35
